 Dungeon Crawl Stone Soup version 0.27-a0-46-g34d46f0a3f (webtiles) character file.

Game seed: 14323816097229653490

606 Borgoz the Slasher (level 7, -7/61 HPs)
             Began as a Ghoul Monk on Jan 6, 2021.
             Mangled by an orc warrior
             ... wielding a +0 trident
              (12 damage)
             ... on level 4 of the Dungeon.
             The game lasted 00:06:32 (4385 turns).

Borgoz the Slasher (Ghoul Monk)                     Turns: 4385, Time: 00:06:33

Health: -7/61      AC:  7    Str: 15    XL:     7   Next: 42%
Magic:  6/6        EV: 13    Int:  5    God:
Gold:   169        SH:  0    Dex: 13    Spells: 6/6 levels left

rFire    + . .     SeeInvis .   a - +1 falchion
rCold    + + .     Faith    .   (no shield)
rNeg     + + +     Spirit   .   f - +0 ring mail
rPois    ∞         Reflect  .   (no helmet)
rElec    .         Harm     .   d - scarf {rC+ rF+}
rCorr    .         Rampage  .   g - +1 pair of gloves
Will     .....                  (no boots)
Stlth    +.........             (no amulet)
HPRegen  0.00/turn              (no ring)
MPRegen  0.10/turn              (no ring)

@: attractive
A: claws 1, cold resistance 1, negative energy resistance 3, inhibited
regeneration, torment resistance, unbreathing
a: no special abilities


You were on level 4 of the Dungeon.
You visited 1 branch of the dungeon, and saw 4 of its levels.
You also visited: Sewer.

You collected 169 gold pieces.

Inventory:

Hand Weapons
 a - a +1 falchion (weapon)
Armour
 d - a scarf of resistance (worn)
 f - a +0 ring mail (worn)
 g - a +1 pair of gloves (worn)
 h - a scarf of shadows
Jewellery
 i - an uncursed ring of fire
Scrolls
 b - a scroll of fog
 e - 3 scrolls of teleportation
 j - 3 scrolls of identify


   Skills:
 + Level 5.0 Fighting
 * Level 5.2 Long Blades
 * Level 5.1 Dodging
 - Level 2.1 Stealth


You had 6 spell levels left.
You didn't know any spells.
Your spell library was empty.

Dungeon Overview and Level Annotations

Branches:
Dungeon (4/15)              Sewer (visited)
 Temple: D:4-7

Altars:


Innate Abilities, Weirdness & Mutations

You thrive by killing the living.
You are immune to poison.
You have sharp fingernails.
Your flesh is cold resistant. (rC+)
You are immune to negative energy. (rN+++)
You do not regenerate when monsters are visible.
You are immune to unholy pain and torment.
You can survive without breathing.


Message History

You hit the orc warrior but do no damage.
The orc warrior is lightly wounded.
The worker ant closely misses you. The orc warrior barely misses you.
The orc warrior hits you from afar with a +0 trident!!
* * * LOW HITPOINT WARNING * * *
The worker ant bites you but does no damage.
The orc warrior is pulled toward you!
The orc warrior hits you from afar with a +0 trident.
* * * LOW HITPOINT WARNING * * *
The worker ant bites you but does no damage.
The orc warrior hits you from afar with a +0 trident.
* * * LOW HITPOINT WARNING * * *
There is a stone staircase leading up here.
Your library has no spells.
The worker ant barely misses you.
You riposte.
You hit the worker ant but do no damage.
The worker ant completely misses you.
You riposte.
You hit the worker ant.
The worker ant is moderately wounded.
The orc warrior hits you from afar with a +0 trident!
You die...

######.##
........##############
......[...............
###.#...##.##..###... #
#.#...##.....# #.### #
#........#...##..... #
###...##.#.......#
##.......#.#.#.##.###
#.##.##.#.#.#.B@...#
#.##.##.#.#.#o##.#.#
#.# ......#.#.# ....
######.# ##.# #.....o#
##.# #......# ##.#
#..#.#.# #... #.######
##.# ##.#.#.####.###
#.#
##.#######.#.#<.....§.#
#.# ...............####
#.# #.# ###
##.#####.##.......#
#.###o# #.#


You could see an orc warrior and a worker ant.

Vanquished Creatures
  A phantom (D:4)
  2 bullfrogs (Sewer)
  A bullfrog skeleton (D:4)
  An iguana (D:3)
  14 adders
  15 oozes
  4 worms
  2 dart slugs
  14 leopard geckos
  3 orcs
  10 ball pythons
  7 bats
  15 giant cockroaches
  A goblin (D:2)
  6 hobgoblins
  4 jackals
  2 quokkas (D:4)
  10 frilled lizards
  A jackal skeleton (D:4)
  2 kobolds (D:1)
  17 rats
132 creatures vanquished.

Notes
Turn   | Place    | Note
-------+----------+-------------------------------------------
     0 | D:1      | Borgoz the Ghoul Monk began the quest for the Orb.
     0 | D:1      | Reached XP level 1. HP: 19/19 MP: 0/0
    97 | D:1      | Reached XP level 2. HP: 11/26 MP: 1/1
   551 | D:1      | Reached XP level 3. HP: 31/31 MP: 2/2
   946 | D:2      | Reached XP level 4. HP: 40/40 MP: 3/3
  1972 | D:3      | Reached XP level 5. HP: 45/46 MP: 4/4
  2065 | D:3      | Found a glowing drain.
  2085 | Sewer    | Entered a sewer
  2388 | Sewer    | Reached XP level 6. HP: 53/53 MP: 5/5
  2951 | D:3      | Reached XP level 7. HP: 60/60 MP: 6/6
  3710 | D:4      | Reached skill level 5 in Long Blades
  3935 | D:4      | Reached skill level 5 in Dodging
  4260 | D:4      | Reached skill level 5 in Fighting
  4385 | D:4      | Mangled by an orc warrior

Illustrated notes

Levels and vault maps discovered:
D:1:      saegor_arrival_simple_b, layout_basic, hex_large,
          minmay_misc_feat_alley
D:2:      layout_loops_ring
D:3:      layout_basic, serial_glass, glass_columns_a, glass_columns_a,
          glass_columns_c, glass_columns_a, glass_columns_c, glass_columns_a,
          portal_sewer_entry_e
D:4:      layout_basic, uniq_menkaure, uniq_edmund

Skill      XL: |  1  2  3  4  5  6  7 |
---------------+----------------------+-----
Long Blades    | 3 4 5 |  5.2
Dodging        | 3 4 5 |  5.1
Fighting       | 4 5 |  5.0
Stealth        | |  2.1

Action                   |  1- 3 |  4- 6 |  7- 9 || total
-------------------------+-------+-------+-------++-------
Melee: Falchion          |    92 |   344 |   120 ||   556
  Use: Scroll            |     2 |     4 |     3 ||     9
       Potion            |       |     5 |     3 ||     8
 Stab: Sleeping          |       |     2 |     1 ||     3
       Invisible         |       |       |     2 ||     2
Armor: Robe              |     1 |       |       ||     1
       Ring mail         |    30 |   145 |    28 ||   203
Dodge: Dodged            |    70 |   299 |    70 ||   439
       Rpst.: Falchion   |    24 |    99 |    28 ||   151

Table legend: (Time is in decaauts)
 A = Elapsed time spent in this place.
 B = Non-inter-level travel time spent in this place.
 C = Inter-level travel time spent in this place.
 D = Time resting spent in this place.
 E = Time spent auto-exploring this place.
 F = Levels seen in this place.
 G = Mean time per level.
                   A        B        C        D        E       F      G
               +--------+--------+--------+--------+--------+-----+--------+
         Total |   4488 |   4342 |    146 |    791 |   2383 |   5 |  897.6 |
       Dungeon |   3601 |   3455 |    146 |    646 |   2082 |   4 |  900.2 |
         Sewer |    887 |    887 |      0 |    145 |    301 |   1 |  887.0 |
               +--------+--------+--------+--------+--------+-----+--------+

Top non-repeatable levels by time:
     D:3: 1536 daAuts
     D:2: 895 daAuts
   Sewer: 887 daAuts
     D:1: 751 daAuts
     D:4: 417 daAuts
